 Dungeon Crawl Stone Soup version 0.17.2-1-ge4368a0 (webtiles) character file.

32 rlgrobin the Insei (level 3, -8/29 HPs)
             Began as a Mummy Monk on Apr 19, 2017.
             Mangled by a gnoll
             ... wielding a +0 flail
              (14 damage)
             ... on level 2 of the Dungeon.
             The game lasted 00:01:31 (1829 turns).

rlgrobin the Insei (Mummy Monk)                     Turns: 1829, Time: 00:01:31

Health: -8/29      AC:  0    Str: 14    XL:     3   Next: 10%
Magic:  3/3        EV: 13    Int:  9    God:
Gold:   53         SH:  0    Dex: 15    Spells: 0 memorised, 2 levels left

rFire  x . .     SeeInvis .       - Unarmed
rCold  + . .     Clarity  .     (no armour)
rNeg   + + +     SustAt   +     (no shield)
rPois  ∞         Gourm    .     (no helmet)
rElec  .         Spirit   .     (no cloak)
rCorr  .         Warding  .     (no gloves)
rMut   .         Stasis   .     (no boots)
MR     .....                    (no amulet)
Stlth  ++........               c - ring of sustain attributes
                                (no ring)

@: not resistant to hostile enchantments, unstealthy
A: no food or potions, fire vulnerability, cold resistance 1, negative energy
resistance 3, torment resistance, unbreathing
a: no special abilities


You were on level 2 of the Dungeon.
You were not hungry.

You visited 1 branch of the dungeon, and saw 2 of its levels.

You collected 53 gold pieces.


Innate Abilities, Weirdness & Mutations

You do not eat or drink.
Your flesh is vulnerable to fire.
You are immune to poison.
Your flesh is cold resistant.
You are immune to negative energy.
You are immune to unholy pain and torment.
You can survive without breathing.


   Skills:
 - Level 3.0 Fighting
 - Level 2.4 Dodging
 - Level 1.5 Stealth
 + Level 4.1 Unarmed Combat


You had 2 spell levels left.
You didn't know any spells.

Inventory:

Armour
 d - a +0 troll leather armour
Jewellery
 c - a ring of sustain attributes (right hand)
Scrolls
 a - 2 scrolls of identify {unknown}
 b - a scroll of teleportation {unknown}

Dungeon Overview and Level Annotations

Branches:
Dungeon (2/15)

Altars:

▒.▒.▒.▒ ▒.▒. ............▒
▒▒.▒.▒.▒.▒.▒.▒
▒...>........▒
▒▒▒.▒.▒.▒.▒.▒.▒
.............
▒▒▒▒▒▒▒▒▒▒▒▒▒▒.▒.▒.▒.▒.▒.▒
.......†.................▒
▒▒▒▒▒▒▒▒.....▒M▒.▒.▒.▒?▒.▒
▒<▒▒▒▒..g.........▒ ▒.▒
▒▒.▒.▒.▒.▒.▒.▒ ▒.▒
▒........... ▒.▒
▒▒.▒.▒.▒.▒.▒ ▒.▒
▒▒.▒▒▒▒▒▒▒▒ ▒.▒ ▒. ▒.▒ ▒.▒
▒.▒ ▒▒▒


You could see a gnoll.


Message History

Health restored: 29 You see here a kobold corpse!
Found a stone staircase leading down!
A gnoll comes into view! It is wielding a flail!
A gnoll is nearby!!!
Found a scroll labeled KOC MOHUMELINT!
The gnoll shouts!!!
The gnoll hits you with a flail!!!
You take 7 damage, and have 22/29 hp!
MASSIVE DAMAGE!!!!!!
You squash the gnoll like an ant!
The gnoll is lightly wounded!
The gnoll hits you with a flail!
You take 1 damage, and have 21/29 hp!
You barely miss the gnoll!
The gnoll is lightly wounded!
The gnoll hits you with a flail!!! * * * don't die
* * * You take 7 damage, and have 14/29 hp!
MASSIVE DAMAGE!!!!!!
You are too injured to fight recklessly!!!
You are too injured to fight recklessly!!!
You are too injured to fight recklessly!!!
You completely miss the gnoll!
The gnoll is lightly wounded!
You pummel the gnoll like a punching bag!
The gnoll is moderately wounded!
The gnoll hits you with a flail!!! * * * don't die
* * * You take 9 damage, and have 5/29 hp!
MASSIVE DAMAGE!!!!!!
The gnoll hits you with a flail!!! rip

Action                   || total
-------------------------++-------
Melee: Unarmed           ||    95
 Stab: Distracted        ||     1
       Sleeping          ||     2

Vault maps used:
D:1:      dpeg_arrival_ratfight, amethyst_killhole, minmay_misc_feat_diagonals,
          glass_columns_c
D:2:      minitemple, st_stairs_11, dk_noncrumbling_3,
          nemelex_spade_bored_becter

Notes
Turn   | Place    | Note
--------------------------------------------------------------
     0 | D:1      | rlgrobin the Mummy Monk began the quest for the Orb.
     0 | D:1      | Reached XP level 1. HP: 18/18 MP: 1/1
   424 | D:1      | Reached XP level 2. HP: 21/24 MP: 2/2
  1025 | D:1      | Reached skill level 4 in Unarmed Combat
  1192 | D:1      | Reached XP level 3. HP: 7/29 MP: 3/3
  1829 | D:2      | Mangled by a gnoll

Vanquished Creatures
  A giant cockroach (D:1)
  3 goblins (D:1)
  3 hobgoblins (D:1)
  4 jackals (D:1)
  4 kobolds
  3 bats (D:1)
  6 giant newts (D:1)
  8 rats (D:1)
32 creatures vanquished.
